 Dungeon Sprint DCSS version 0.20.1-1-g8b1a95d (webtiles) character file.

9718 JustSomeDude the Ninja (level 11, -7/54 (63) HPs)
             Began as a Vampire Assassin on Aug 26, 2017.
             Was the Champion of Dithmenos.
             Mangled by a demonic crawler (10 damage)
             ... in the Dungeon (Sprint I: "Red Sonja").
             The game lasted 00:11:54 (1766 turns).

JustSomeDude the Ninja (Vampire Assassin)           Turns: 1766, Time: 00:11:56

HP:   -7/54 (63)    AC:  4    Str:  6      XL:     11   Next: 26%
MP:   8/8           EV: 18    Int:  8 (10) God:    Dithmenos [******]
Gold: 306           SH:  0    Dex: 21      Spells: 10/10 levels left

rFire    + + .     SeeInvis +   a - +2 dagger
rCold    + + .     Gourm    .   (no shield)
rNeg     + + .     Faith    .   w - +1 robe {rC+ rF+}
rPois    +         Spirit   .   (helmet restricted)
rElec    .         Reflect  .   d - +0 cloak
rCorr    .         Harm     .   (no gloves)
MR       +....     NoTele   +   s - +0 pair of boots
Stlth    ++++++++++             (no amulet)
Regen    0.1/turn               x - +6 ring of dexterity
MPRegen  0.2/turn               (no ring)

@: regenerating slowly, wreathed by umbra
A: fangs 3, horns 1, see invisible, berserk 3, clumsy 2, deformed body,
deterioration 2, dopey 2, fire resistance 1, frail 3, low mp 3, screaming 3,
weak 2, unbreathing, subdued magic 2, MP-powered wands
a: Bat Form, Shadow Step, Shadow Form, Renounce Religion


You were in the Dungeon.
You worshipped Dithmenos.
Dithmenos was exalted by your worship.
You were very thirsty.

You visited 1 branch You collected 1443 gold pieces.
You spent 1137 gold pieces at shops.

Inventory:

Hand Weapons
 a - a +2 dagger (weapon)
 b - a +0 blowgun
 q - a +0 short sword
Missiles
 e - 8 poisoned needles
 f - 10 curare-tipped needles
Armour
 c - a +0 robe
 d - a +0 cloak (worn)
 r - a +0 helmet
 s - a +0 pair of boots (worn)
 u - the +3 plate armour "Nunt" {rElec rCorr Dex-3}
   (You found it in the Dungeon)

   It affects your dexterity (-3).
   It insulates you from electricity.
   It protects you from acid and corrosion.
 w - a +1 robe of resistance (worn)
Jewellery
 x - a +6 ring of dexterity (left hand)
Wands
 o - a wand of acid (7/15)
Scrolls
 p - a scroll of remove curse
 t - 2 scrolls of immolation {unknown}
 v - 2 scrolls of identify
Potions
 g - 9 potions of blood
 h - 3 potions of curing
 i - a potion of heal wounds
 k - 2 potions of magic
 l - a potion of berserk rage
Miscellaneous
 n - a box of beasts


   Skills:
 + Level 10.0 Fighting
 + Level 12.4 Short Blades
 + Level 6.3 Throwing
 * Level 5.3 Armour
 + Level 7.2 Dodging
 O Level 27 Stealth
 + Level 0.6 Invocations


You had 10 spell levels left.
You didn't know any spells.

Dungeon Overview and Level Annotations

Branches:
Dungeon (1/1)

Altars:
Cheibriados
Dithmenos
Elyvilon
Fedhas
Gozag
Hepliaklqana
Kikubaaqudgha
Makhleb
Nemelex Xobeh
Okawaru
Qazlal
Ru
Sif Muna
Trog
Uskayaw
Vehumet
Xom
Yredelemnul
Zin
The Shining One
Jiyva
Lugonu

Shops:
D }[!}}[!(!*[}(=[*![=[%


Innate Abilities, Weirdness & Mutations

You heal slowly.
You have razor-sharp teeth.
You have supernaturally acute eyesight. (SInv)
You can survive without breathing.
You have a pair of small horns on your head.
You have an uncontrollable temper.
You are very clumsy. (Dex -4)
Armour fits poorly on your strangely shaped body.
Your body often deteriorates upon taking damage.
You are very dopey. (Int -4)
Your flesh is heat resistant. (rF+)
You are extremely frail. (-30% HP)
Your magical capacity is extremely low. (-30% MP)
You frequently scream uncontrollably at your foes.
You are very weak. (Str -4)
Your spells are easier to cast, but less powerful.
You expend magic power (3 MP) to strengthen your wands.


Message History

You are too injured to fight recklessly!
You are too injured to fight recklessly!
You are too injured to fight recklessly!
You are too injured to fight recklessly!
You are too injured to fight recklessly!
You are too injured to fight recklessly!
You are too injured to fight recklessly!
You are too injured to fight recklessly!
You are too injured to fight recklessly!
You are too injured to fight recklessly!
Okay, then.
You don't have enough magic capacity.
The demonic crawler hits you. The demonic crawler barely misses you.
The demonic crawler hits you!
* * * LOW HITPOINT WARNING * * *
You emit a cloud of dark smoke.
The demonic crawler hits you!
* * * LOW HITPOINT WARNING * * *
Your body deteriorates!
You feel dopey. The demonic crawler misses you. The demonic crawler hits you!
You die...

##################
.#.)'..#__#..'..)#
)'..#..'..'..#.§s##+#
'#####'#__####)§@ss.#
.#...#)####§§#####s.+
##..##.#≈≈≈§§#..# ##
_##'#.§'§§≈§.§..#
..'..._#§§≈§)#..#
_##_.#'##§#####'###
_###'#.#)..(###.'.#
####.####'###.###.#
..'...'.....'(∩##.#


You could see 4 demonic crawlers.

Vanquished Creatures
  2 centaur warriors (D)
  Sonja (D)
  A deep troll (D)
  2 unseen horrors (D)
  An oklob plant (D)
  8 shining eyes (D)
  2 kobold demonologists (D)
  A hornet (D)
  A slime creature (D)
  2 redbacks (D)
  Sigmund (D)
  A yak (D)
  6 floating eyes (D)
  7 necrophages (D)
  An ogre (D)
  8 jellies (D)
  Ijyb (D)
  5 ballistomycetes (D)
51 creatures vanquished.

Vanquished Creatures (others)
  2 ballistomycete spores (D)
2 creatures vanquished.

Grand Total: 53 creatures vanquished

Notes
Turn   | Place    | Note
-------+----------+-------------------------------------------
     0 | D        | JustSomeDude the Vampire Assassin began the quest for the Orb.
     0 | D        | Reached XP level 1. HP: 16/16 MP: 1/1
     1 | D        | Noticed Ijyb
     4 | D        | Killed Ijyb
     4 | D        | Reached skill level 9 in Stealth
     4 | D        | Reached XP level 2. HP: 22/22 MP: 2/2
     8 | D        | Noticed an ogre
    11 | D        | Killed an ogre
    11 | D        | Reached skill level 13 in Stealth
    11 | D        | Reached XP level 3. HP: 29/29 MP: 3/3
    11 | D        | Reached XP level 4. HP: 35/35 MP: 4/4
    13 | D        | Noticed Sigmund
    28 | D        | Killed Sigmund
    28 | D        | Reached skill level 15 in Stealth
    28 | D        | Reached XP level 5. HP: 20/42 MP: 5/5
   184 | D        | Found a deep blue altar of Sif Muna.
   186 | D        | Found a radiant altar of Vehumet.
   191 | D        | Found Nog Zadd's Gadget Emporium.
   191 | D        | Found an ancient bone altar of Kikubaaqudgha.
   191 | D        | Found a hazy altar of Hepliaklqana.
   191 | D        | Found a stormy altar of Qazlal.
   191 | D        | Found a hide-covered altar of Uskayaw.
   191 | D        | Found a blossoming altar of Fedhas.
   191 | D        | Found a bloodstained altar of Trog.
   191 | D        | Found an iron altar of Okawaru.
   191 | D        | Found a basalt altar of Yredelemnul.
   191 | D        | Found a glowing golden altar of the Shining One.
   191 | D        | Found a snail-covered altar of Cheibriados.
   191 | D        | Found a sacrificial altar of Ru.
   191 | D        | Found a glowing silver altar of Zin.
   191 | D        | Found a shadowy altar of Dithmenos.
   191 | D        | Found a white marble altar of Elyvilon.
   191 | D        | Noticed a yak
   192 | D        | Found an opulent altar of Gozag.
   193 | D        | Killed a yak
   193 | D        | Reached skill level 5 in Short Blades
   193 | D        | Reached skill level 17 in Stealth
   193 | D        | Reached XP level 6. HP: 49/49 MP: 6/6
   194 | D        | Found a sparkling altar of Nemelex Xobeh.
   201 | D        | Became a worshipper of Dithmenos the Shadowed
   236 | D        | Bought a box of beasts for 220 gold pieces
   280 | D        | Found a burning altar of Makhleb.
   280 | D        | Found a viscous altar of Jiyva.
   280 | D        | Found a shimmering altar of Xom.
   280 | D        | Found a corrupted altar of Lugonu.
   280 | D        | Noticed a slime creature
   283 | D        | Killed a slime creature
   283 | D        | Reached skill level 19 in Stealth
   283 | D        | Reached XP level 7. HP: 55/55 MP: 7/7
   305 | D        | Noticed a kobold demonologist
   306 | D        | Noticed a kobold demonologist
   308 | D        | Killed a kobold demonologist
   308 | D        | Reached * piety under Dithmenos
   308 | D        | Reached skill level 5 in Fighting
   308 | D        | Reached skill level 20 in Stealth
   311 | D        | Killed a kobold demonologist
   311 | D        | Reached skill level 21 in Stealth
   311 | D        | Reached XP level 8. HP: 63/63 MP: 8/8
   329 | D        | Noticed Sonja
   333 | D        | Killed Sonja
   333 | D        | Reached ** piety under Dithmenos
   333 | D        | Reached skill level 22 in Stealth
   345 | D        | Noticed a deep troll
   349 | D        | Killed a deep troll
   349 | D        | Reached skill level 5 in Throwing
   349 | D        | Reached skill level 23 in Stealth
   349 | D        | Reached XP level 9. HP: 70/70 MP: 9/9
   357 | D        | Found Feuczac's Armour Emporium.
   371 | D        | Bought a +0 helmet for 49 gold pieces
   371 | D        | Bought a +0 pair of boots for 49 gold pieces
   653 | D        | Noticed a centaur warrior
   653 | D        | Noticed a centaur warrior
   655 | D        | Killed a centaur warrior
   655 | D        | Reached skill level 24 in Stealth
   657 | D        | Killed a centaur warrior
   657 | D        | Reached *** piety under Dithmenos
   657 | D        | Reached skill level 25 in Stealth
   665 | D        | Noticed an oklob plant
   667 | D        | Killed an oklob plant
   667 | D        | Reached skill level 26 in Stealth
   667 | D        | Reached XP level 10. HP: 79/79 MP: 10/10
   677 | D        | Reached **** piety under Dithmenos
   679 | D        | Noticed an unseen horror
   680 | D        | Noticed an unseen horror
   686 | D        | Killed an unseen horror
   688 | D        | Killed an unseen horror
   688 | D        | Reached skill level 10 in Short Blades
   688 | D        | Reached skill level 27 in Stealth
   693 | D        | Reached ***** piety under Dithmenos
   698 | D        | Paralysed by a floating eye for 2 turns
   711 | D        | Paralysed by a floating eye for 2 turns
   721 | D        | Paralysed by a floating eye for 2 turns
   901 | D        | Reached ****** piety under Dithmenos
   901 | D        | Reached skill level 5 in Dodging
   923 | D        | Got a garnet-studded plate armour
  1312 | D        | Found Qathean's Weapon Shoppe.
  1312 | D        | Found Orub's Distillery.
  1312 | D        | Found Tise's Distillery.
  1314 | D        | Found Morerr's Assorted Antiques.
  1314 | D        | Found Omuasic's Antique Armour Shop.
  1314 | D        | Found Aschosk's Gadget Shoppe.
  1314 | D        | Found Iloarun's Antique Weapon Boutique.
  1314 | D        | Found Buzxucuts's Jewellery Emporium.
  1314 | D        | Found Janyrife's Armour Shop.
  1314 | D        | Found Durutet's Assorted Antiques.
  1318 | D        | Found Warumi's Distillery.
  1319 | D        | Found Yroz's Jewellery Emporium.
  1319 | D        | Found Kimeut's Armour Boutique.
  1320 | D        | Found Ciqisutu's Food Emporium.
  1323 | D        | Bought a +6 ring of dexterity for 819 gold pieces
  1335 | D        | Identified the +3 plate armour "Nunt" {rElec rCorr Dex-3} (You found it in the Dungeon)
  1403 | D        | Found Peas's Gadget Boutique.
  1405 | D        | Noticed a shining eye
  1405 | D        | Noticed a shining eye
  1405 | D        | Noticed a shining eye
  1406 | D        | Noticed a shining eye
  1406 | D        | Noticed a shining eye
  1406 | D        | Noticed a shining eye
  1407 | D        | Noticed a shining eye
  1407 | D        | Noticed a shining eye
  1407 | D        | Gained mutation: Armour fits poorly on your strangely shaped body. [a shining eye]
  1408 | D        | Killed a shining eye
  1408 | D        | Reached skill level 1 in Armour
  1412 | D        | Gained mutation: You have a pair of small horns on your head. [a shining eye]
  1415 | D        | Gained mutation: Your magical capacity is low. (-10% MP) [a shining eye]
  1416 | D        | Killed a shining eye
  1417 | D        | Gained mutation: You occasionally shout uncontrollably at your foes. [a shining eye]
  1419 | D        | Killed a shining eye
  1419 | D        | Reached XP level 11. HP: 80/80 MP: 6/10
  1420 | D        | Paralysed by a floating eye for 2 turns
  1420 | D        | Gained mutation: Your magical capacity is very low. (-20% MP) [a shining eye]
  1430 | D        | Lost mutation: You have a pair of small horns on your head. [a shining eye]
  1431 | D        | Paralysed by a floating eye for 4 turns
  1432 | D        | Gained mutation: You are weak. (Str -2) [a shining eye]
  1437 | D        | Gained mutation: Your spells are a little harder to cast, but a little more powerful. [a shining eye]
  1440 | D        | Lost mutation: Your spells are a little harder to cast, but a little more powerful. [a shining eye]
  1441 | D        | Paralysed by a floating eye for 2 turns
  1441 | D        | Gained mutation: You are clumsy. (Dex -2) [a shining eye]
  1454 | D        | Gained mutation: You expend magic power (3 MP) to strengthen your wands. [a shining eye]
  1455 | D        | Paralysed by a floating eye for 4 turns
  1455 | D        | Gained mutation: You are very weak. (Str -4) [a shining eye]
  1457 | D        | Gained mutation: You sometimes yell uncontrollably at your foes. [a shining eye]
  1458 | D        | Lost mutation: You are clumsy. (Dex -2) [a shining eye]
  1489 | D        | Gained mutation: You are clumsy. (Dex -2) [a shining eye]
  1511 | D        | Gained mutation: Your movements are slightly less encumbered by armour. (ER -2) [a shining eye]
  1517 | D        | Killed a shining eye
  1523 | D        | Gained mutation: You tend to lose your temper in combat. [a shining eye]
  1538 | D        | Gained mutation: Your flesh is heat resistant. (rF+) [a shining eye]
  1539 | D        | Paralysed by a floating eye for 2 turns
  1539 | D        | Gained mutation: You are dopey. (Int -2) [a shining eye]
  1545 | D        | Killed a shining eye
  1547 | D        | Paralysed by a floating eye for 4 turns
  1550 | D        | Lost mutation: Your movements are slightly less encumbered by armour. (ER -2) [a shining eye]
  1554 | D        | Gained mutation: You are very dopey. (Int -4) [a shining eye]
  1561 | D        | Paralysed by a floating eye for 2 turns
  1562 | D        | Gained mutation: You have a pair of small horns on your head. [a shining eye]
  1564 | D        | Gained mutation: You are very clumsy. (Dex -4) [a shining eye]
  1566 | D        | Gained mutation: You often lose your temper in combat. [a shining eye]
  1569 | D        | Gained mutation: You have an uncontrollable temper. [a shining eye]
  1575 | D        | Paralysed by a floating eye for 4 turns
  1578 | D        | Gained mutation: Your magical capacity is extremely low. (-30% MP) [a shining eye]
  1580 | D        | Gained mutation: Your body sometimes deteriorates upon taking damage. [a shining eye]
  1585 | D        | Gained mutation: Your spells are a little easier to cast, but a little less powerful. [a shining eye]
  1587 | D        | Paralysed by a floating eye for 4 turns
  1589 | D        | Gained mutation: Your body often deteriorates upon taking damage. [a shining eye]
  1591 | D        | Gained mutation: You are frail. (-10% HP) [a shining eye]
  1591 | D        | Gained mutation: You are very frail. (-20% HP) [a shining eye]
  1593 | D        | Gained mutation: You are extremely frail. (-30% HP) [a shining eye]
  1595 | D        | Killed a shining eye
  1601 | D        | Paralysed by a floating eye for 2 turns
  1605 | D        | Gained mutation: You frequently scream uncontrollably at your foes. [a shining eye]
  1617 | D        | Paralysed by a floating eye for 2 turns
  1617 | D        | Gained mutation: Your spells are easier to cast, but less powerful. [a shining eye]
  1623 | D        | Paralysed by a floating eye for 3 turns
  1627 | D        | Killed a shining eye
  1627 | D        | Reached skill level 5 in Armour
  1642 | D        | Paralysed by a floating eye for 4 turns
  1648 | D        | Killed a shining eye
  1648 | D        | Reached skill level 10 in Fighting
  1652 | D        | Paralysed by a floating eye for 3 turns
  1664 | D        | Found Zacom's Antique Armour Shoppe.
  1664 | D        | Found Uvvoagog's Gadget Shop.
  1664 | D        | Found Ablur's Distillery.
  1664 | D        | Found Heuh's Antique Armour Boutique.
  1766 | D        | Mangled by a demonic crawler

Skill      XL: |  1  2  3  4  5  6  7  8  9 10 11 |
---------------+----------------------------------+-----
Fighting       | 2 3 4 5 6 7 9 10 | 10.0
Stealth        | 9 13 15 17 19 21 23 26 27 | 27.0
Throwing       | 2 3 4 5 6 |  6.3
Short Blades   | 4 5 7 8 9 11 12 | 12.4
Dodging        | 2 3 6 7 |  7.2
Armour         | 3 5 |  5.3
Invocations    | |  0.6

Action                   |  1- 3 |  4- 6 |  7- 9 | 10-12 || total
-------------------------+-------+-------+-------+-------++-------
Melee: Dagger            |     2 |    19 |    59 |   246 ||   326
       Bite              |       |     3 |    10 |    48 ||    61
       Headbutt          |       |       |       |    35 ||    35
Invok: Shadow Step       |       |       |       |     1 ||     1
  Use: Potion            |       |       |     1 |     2 ||     3
       Scroll            |       |       |       |     3 ||     3
 Stab: Sleeping          |     2 |     2 |     9 |    20 ||    33
Armor: Robe              |       |     1 |       |     5 ||     6
Dodge: Dodged            |       |     6 |       |    36 ||    42
